 Dungeon Crawl Stone Soup version 0.31.0-9-g3a7656b989 (webtiles) character file.

Game seed: 14031321162733804875

728 qw the Skirmisher (level 7, -19/40 HPs)
             Began as a Deep Elf Hunter on Feb 2, 2024.
             Demolished by an ogre
             ... wielding a +0 giant spiked club
              (21 damage)
             ... on level 5 of the Dungeon.
             The game lasted 00:00:20 (4192 turns).

qw the Skirmisher (Deep Elf Hunter)                 Turns: 4192, Time: 00:00:21

Health: -19/40     AC: 14    Str: 10    XL:     7   Next: 44%
Magic:  9/9        EV:  9    Int: 14    God:
Gold:   257        SH:  0    Dex: 18    Spells: 6/6 levels left

rFire   . . .        a - +0 shortbow
rCold   . . .        (shield currently unavailable)
rNeg    . . .        g - +3 scale mail
rPois   .            (no helmet)
rElec   .            (no cloak)
rCorr   .            h - +1 pair of gloves
SInv    .            l - +2 pair of boots
Will    .....        (no amulet)
Stlth   +            (no ring)
HPRegen 0.26/turn    (no ring)
MPRegen 0.11/turn

%: no passive effects
@: no status effects
A: no striking features
a: no special abilities


You were on level 5 of the Dungeon.
You visited 1 branch of the dungeon, and saw 5 of its levels.
You also visited: Sewer.

You collected 257 gold pieces.


   Skills:
 - Level 2.5 Fighting
 + Level 10.9 Ranged Weapons
 - Level 1.0 Armour
 - Level 3.6 Dodging
 - Level 1.2 Stealth


You had 6 spell levels left.
You didn't know any spells.
Your spell library was empty.

Inventory:

Hand Weapons
 a - a +0 shortbow (weapon)
Armour
 g - a +3 scale mail (worn)
 h - a +1 pair of gloves (worn)
 l - a +2 pair of boots (worn)
Jewellery
 b - a ring of ice
 j - a ring of ice
Potions
 d - a potion of might {unknown}
 e - a potion of lignification {unknown}
 f - a potion of resistance {unknown}
 i - a potion of degeneration {unknown}
 m - 2 potions of haste
 n - 2 potions of curing

Dungeon Overview and Level Annotations

Branches:
Dungeon (5/15)              Sewer (visited)
 Temple: D:4-7

Altars:
Fedhas
Trog
The Shining One

Shops:
D:1 =


Message History

Enter note:
4182 ||| RETREEEEATING.
The ufetubus barely misses you. The ufetubus hits you.
The ufetubus hits you but does no damage.
The ufetubus closely misses you.
Enter note:
4183 ||| RETREEEEATING.
The hound barely misses you.
Enter note:
4184 ||| RETREEEEATING.
You hear the slow hiss of an avalanche of sand.
Enter note:
4185 ||| RETREEEEATING.
The hound bites you.
Enter note:
4186 ||| RETREEEEATING.
You shoot an arrow. The arrow hits the hound.
The hound is moderately wounded.
The hound bites you.
The hound stops to sniff the ground.
The hound bites you but does no damage.
You shoot an arrow.
The arrow hits the hound but does no damage.
The hound is moderately wounded.
The hound bites you. The hound bites you but does no damage.
You shoot an arrow. The arrow hits the hound!
The hound is severely wounded.
The hound bites you but does no damage.
You shoot an arrow. The arrow hits the hound.
You kill the hound!
The adder completely misses you.
An orc comes into view. It is wielding a +0 whip.
Enter note:
4191 ||| RETREEEEATING.
The ogre closely misses you.
Enter note:
4192 ||| RETREEEEATING.
The ogre hits you with a +0 giant spiked club!!
Ouch! That really hurt!
You die...

####### ##.....######
#...........#
#.#...###...## #.#..:#
#....# #...### ###..#
#@O.# #..# #S#h###
###..# #.#...#
#....#####
######5#...#+#.........
...........O............
.###.....#.h............
#.(..)...............
##.....#######........
#.....<.# ####.h......


You could see an ogre, a hound, an adder and an ufetubus.

Vanquished Creatures
  2 kobold brigands (Sewer)
  2 scorpions (D:4)
  2 hounds (D:5)
  A jelly (D:4)
  2 orc priests (D:4)
  3 iguanas
  3 orc wizards
  4 adders
  A river rat (Sewer)
  5 ribbon worms
  A dart slug (D:1)
  14 orcs
  11 ball pythons
  11 endoplasms
  A giant cockroach (D:3)
  3 goblins
  2 hobgoblins
  6 jackals (D:1)
  A quokka (D:2)
  7 bats
  4 frilled lizards
  11 kobolds
  10 rats
107 creatures vanquished.

Notes
Turn   | Place    | Note
-------+----------+-------------------------------------------
     0 | D:1      | qw the Deep Elf Hunter began the quest for the Orb.
     0 | D:1      | Reached XP level 1. HP: 12/12 MP: 3/3
     0 | D:1      | 0 ||| qw: Version: 0.3-a-155-g5e7d8dd
     0 | D:1      | 0 ||| qw: Game counter: 1905
     0 | D:1      | 0 ||| qw: Melee chars always use a shield: true
     0 | D:1      | 0 ||| qw: God list: Okawaru
     0 | D:1      | 0 ||| qw: Allow faded altars: false
     0 | D:1      | 0 ||| qw: Do Orc after clearing Dungeon:15 true
     0 | D:1      | 0 ||| qw: Do second Lair branch before Depths: true
     0 | D:1      | 0 ||| qw: Lair rune preference: random
     0 | D:1      | 0 ||| qw: Goals: Normal
     0 | D:1      | 0 ||| PLANNING D:1-11
   140 | D:1      | Reached skill level 6 in Ranged Weapons
   140 | D:1      | Reached XP level 2. HP: 15/16 MP: 4/4
   238 | D:1      | HP: 4/16 [kobold/+0 club (2)]
   249 | D:1      | HP: 3/16 [kobold/+0 club (4)]
   272 | D:1      | Reached XP level 3. HP: 10/20 MP: 5/5
   404 | D:1      | Found Itomn's Jewellery Emporium.
   412 | D:1      | 412 ||| SHOPLISTING +6 ring of strength (468 gold, have
                  | 72).
   412 | D:1      | 412 ||| SHOPLISTING ring of resist corrosion (260 gold,
                  | have 72).
   412 | D:1      | 412 ||| SHOPLISTING ring of see invisible (195 gold, have
                  | 72).
   742 | D:1      | 742 ||| UPGRADING to +0 pair of gloves.
   747 | D:1      | 747 ||| UPGRADING to +0 ring mail.
   757 | D:1      | 757 ||| DROPPING +0 leather armour.
   758 | D:1      | 758 ||| READING scroll labelled ASUHAEFRIO.
   859 | D:1      | 859 ||| READING scroll labelled CIJOISCH XONTU.
   860 | D:1      | 860 ||| READING scroll labelled CUMNEZ TIWUFFO.
   861 | D:1      | 861 ||| READING scroll labelled KAESEU LAKISI.
   861 | D:1      | 861 ||| IDENTIFYING sedimented sapphire potion
   862 | D:1      | 862 ||| READING scroll labelled HUNYNY BEPNEO.
   862 | D:1      | 862 ||| ENCHANTING +0 pair of gloves.
   863 | D:1      | 863 ||| READING scroll labelled CYLEDE KOEJEM.
   864 | D:1      | 864 ||| DRINKING 2 glowing pink potions.
   865 | D:1      | 865 ||| DROPPING scroll of butterflies.
  1082 | D:2      | Reached skill level 7 in Ranged Weapons
  1607 | D:2      | 1607 ||| READING scroll labelled PUCILAE BASKE.
  1674 | D:3      | 1674 ||| PLANNING SEWER
  1694 | D:3      | Reached XP level 4. HP: 25/25 MP: 6/6
  2082 | D:3      | Found a blossoming altar of Fedhas.
  2237 | D:3      | Found a glowing drain.
  2238 | D:3      | 2238 ||| UPGRADING to +2 pair of boots.
  2243 | D:3      | 2243 ||| READING scroll of identify.
  2243 | D:3      | 2243 ||| IDENTIFYING murky pink potion
  2244 | D:3      | 2244 ||| DROPPING potion of invisibility.
  2248 | Sewer    | Entered a sewer
  2307 | Sewer    | Noticed a kobold brigand
  2308 | Sewer    | 2308 ||| DRINKING potion of haste.
  2322 | Sewer    | Killed a kobold brigand
  2323 | Sewer    | Reached skill level 8 in Ranged Weapons
  2323 | Sewer    | Reached XP level 5. HP: 20/29 MP: 7/7
  2535 | Sewer    | Reached skill level 9 in Ranged Weapons
  2657 | Sewer    | 2657 ||| READING scroll labelled JESKUY BUWOBI.
  2658 | Sewer    | 2658 ||| READING scroll labelled BEDEAJ GAMALL.
  2659 | Sewer    | 2659 ||| DRINKING 2 brown potions.
  2660 | Sewer    | 2660 ||| DROPPING potion of brilliance.
  2697 | D:3      | 2697 ||| PLANNING D:1-11
  2798 | D:3      | Reached XP level 6. HP: 36/36 MP: 8/8
  2932 | D:4      | Reached skill level 1 in Armour
  2946 | D:4      | HP: 9/36 [something (2)]
  3061 | D:4      | 3061 ||| FLEEEEING.
  3062 | D:4      | 3062 ||| FLEEEEING.
  3064 | D:4      | 3064 ||| FLEEEEING.
  3065 | D:4      | 3065 ||| FLEEEEING.
  3066 | D:4      | 3066 ||| FLEEEEING.
  3067 | D:4      | 3067 ||| FLEEEEING.
  3068 | D:4      | 3068 ||| FLEEEEING.
  3069 | D:4      | 3069 ||| FLEEEEING.
  3070 | D:4      | 3070 ||| FLEEEEING.
  3071 | D:4      | 3071 ||| FLEEEEING.
  3072 | D:4      | 3072 ||| STAIRDANCE
  3108 | D:4      | 3108 ||| STAIRDANCE
  3143 | D:4      | 3143 ||| STAIRDANCE
  3178 | D:4      | 3178 ||| FLEEEEING.
  3180 | D:4      | 3180 ||| FLEEEEING.
  3181 | D:4      | 3181 ||| FLEEEEING.
  3182 | D:4      | 3182 ||| STAIRDANCE
  3299 | D:4      | Found a glowing golden altar of the Shining One.
  3333 | D:4      | Reached skill level 10 in Ranged Weapons
  3355 | D:4      | Reached XP level 7. HP: 33/40 MP: 9/9
  3437 | D:4      | Reached skill level 3 in Dodging
  3438 | D:4      | HP: 9/40 [poisoned by a scorpion]
  3443 | D:4      | HP: 6/40 [poisoned by a scorpion]
  3860 | D:4      | Found a bloodstained altar of Trog.
  3961 | D:4      | 3961 ||| UPGRADING to +3 scale mail.
  3971 | D:4      | 3971 ||| DROPPING +0 ring mail.
  3972 | D:4      | 3972 ||| READING scroll labelled LOMPOGOGURPH.
  4087 | D:5      | Entered Level 5 of the Dungeon
  4088 | D:5      | 4088 ||| PLANNING OSSUARY
  4111 | D:5      | 4111 ||| RETREEEEATING.
  4167 | D:5      | 4167 ||| RETREEEEATING.
  4168 | D:5      | 4168 ||| RETREEEEATING.
  4169 | D:5      | 4169 ||| RETREEEEATING.
  4170 | D:5      | 4170 ||| RETREEEEATING.
  4171 | D:5      | 4171 ||| RETREEEEATING.
  4172 | D:5      | 4172 ||| RETREEEEATING.
  4175 | D:5      | 4175 ||| RETREEEEATING.
  4176 | D:5      | 4176 ||| RETREEEEATING.
  4177 | D:5      | 4177 ||| RETREEEEATING.
  4178 | D:5      | 4178 ||| RETREEEEATING.
  4179 | D:5      | 4179 ||| RETREEEEATING.
  4180 | D:5      | 4180 ||| RETREEEEATING.
  4181 | D:5      | 4181 ||| RETREEEEATING.
  4182 | D:5      | 4182 ||| RETREEEEATING.
  4182 | D:5      | HP: 10/40 [ufetubus (4)]
  4183 | D:5      | 4183 ||| RETREEEEATING.
  4184 | D:5      | 4184 ||| RETREEEEATING.
  4185 | D:5      | 4185 ||| RETREEEEATING.
  4186 | D:5      | 4186 ||| RETREEEEATING.
  4187 | D:5      | HP: 3/40 [hound (5)]
  4188 | D:5      | HP: 1/40 [hound (3)]
  4191 | D:5      | 4191 ||| RETREEEEATING.
  4192 | D:5      | 4192 ||| RETREEEEATING.
  4192 | D:5      | Demolished by an ogre

Levels and vault maps discovered:
D:1:      roadster_arrival_rocket_small, layout_basic, serial_shops, shop,
          minmay_tetromino_t2
D:2:      layout_loops_cross, kennysheep_generic_room_3
D:3:      layout_loops_ring, mainiacjoe_overflow_concentric_impassable,
          mainiacjoe_sewer_entry_somewhere_in_here_1, grunt_decor_one_mirror,
          nicolae_concentric_dashed_squares_wild
D:4:      layout_cave_pools, mainiacjoe_overflow_alcove_2, old_standard_altar
D:5:      layout_rooms, lemuel_temple_firewalk_b, serial_shops, shop,
          nicolae_ossuary_entry_plus

Skill      XL: |  1  2  3  4  5  6  7 |
---------------+----------------------+-----
Ranged Weapons | 6 7 8 9 10 | 10.9
Fighting       | 2 |  2.5
Armour         | 1 |  1.0
Dodging        | 3 |  3.6
Stealth        | |  1.2

Action                     |  1- 3 |  4- 6 |  7- 9 || total
---------------------------+-------+-------+-------++-------
   Fire: Shortbow          |   161 |   216 |    70 ||   447
    Use: Scroll            |     7 |     3 |     1 ||    11
         Potion            |     1 |     2 |       ||     3
 Armour: Leather armour    |    25 |       |       ||    25
         Ring mail         |    16 |    83 |    23 ||   122
         Scale mail        |       |       |    47 ||    47
  Dodge: Dodged            |    57 |    43 |    48 ||   148

Table legend:
 A = Non-vault XP
 B = Vault XP
 C = Vault XP percentage of total XP
 D = Non-vault monster count
 E = Vault monster count
 F = Vault count percentage of total count
                 A         B        C        D         E       F
            +---------+---------+-------+---------+---------+-------
      Total |     773 |     267 |  25.7 |      84 |      23 |  21.5
            +---------+---------+-------+---------+---------+-------
        D:1 |      47 |       3 |   6.0 |      30 |       2 |   6.2
        D:2 |      45 |       0 |   0.0 |      17 |       0 |   0.0
        D:3 |      69 |       7 |   9.2 |      14 |       5 |  26.3
        D:4 |     487 |       0 |   0.0 |      20 |       0 |   0.0
        D:5 |     125 |       0 |   0.0 |       3 |       0 |   0.0
      Sewer |       0 |     257 | 100.0 |       0 |      16 | 100.0
            +---------+---------+-------+---------+---------+-------
